 Dungeon Crawl Stone Soup version 0.24-a0-520-g8fd06ad0bc (webtiles) character file.

Game seed: 1983756273504426089

116 KristoblXynda the Slasher (level 4, -1/36 HPs)
             Began as a Draconian Skald on July 23, 2019.
             Killed from afar by an orc wizard (8 damage)
             ... with a magic dart
             ... on level 3 of the Dungeon.
             The game lasted 00:03:30 (2019 turns).

KristoblXynda the Slasher (Draconian Skald)         Turns: 2019, Time: 00:03:30

Health: -1/36      AC:  5    Str: 13    XL:     4   Next: 69%
Magic:  5/7        EV: 12    Int: 15    God:
Gold:   144        SH:  0    Dex: 10    Spells: 1/7 levels left

rFire    . . .     SeeInvis .   a - +0 falchion
rCold    . . .     Gourm    .   (no shield)
rNeg     . . .     Faith    .   (armour unavailable)
rPois    .         Spirit   .   (helmet restricted)
rElec    .         Reflect  .   (no cloak)
rCorr    .         Harm     .   (no gloves)
MR       .....                  (no boots)
Stlth    +.........             (no amulet)
HPRegen  0.12/turn              (no ring)
MPRegen  0.10/turn              (no ring)

@: infused, very slightly contaminated, slowed, very slow
A: unfitting armour, cold-blooded, AC +5
a: no special abilities


You were on level 3 of the Dungeon.
You were not hungry.

You visited 1 branch of the dungeon, and saw 3 of its levels.

You collected 144 gold pieces.

Inventory:

Hand Weapons
 a - a +0 falchion (weapon)
Jewellery
 h - an uncursed ring of wizardry
Scrolls
 f - a scroll of magic mapping {unknown}
 g - 2 scrolls of remove curse
 i - a scroll of teleportation {unknown}
 k - a scroll of amnesia {unknown}
 l - a scroll of enchant armour {unknown}
Potions
 d - 2 potions of invisibility
 e - a potion of curing
 j - a potion of flight
Comestibles
 b - a chunk of flesh
 c - 6 rations


   Skills:
 - Level 2.1 Fighting
 * Level 3.8 Long Blades
 + Level 2.9 Dodging
 - Level 2.0 Spellcasting
 + Level 3.4 Charms


You had one spell level left.
You knew the following spells:

 Your Spells              Type           Power        Failure   Level  Hunger
a - Infusion              Chrm           ##..         5%          1    #......
b - Regeneration          Chrm/Necr      #.........   32%         3    ###....
c - Song of Slaying       Chrm           ##......     9%          2    ###....

Your spell library contained the following spells:

 Spells                   Type           Power        Failure   Level  Hunger
 Shroud of Golubria       Chrm/Tloc      #.....       17%         2    ###....
 Spectral Weapon          Hex/Chrm       #.......     32%         3    ###....


Dungeon Overview and Level Annotations

Branches:
Dungeon (3/15)

Altars:
Dithmenos
Okawaru
Vehumet
The Shining One

Annotations:
D:3 1 runed translucent door, OneStupidFool's ghost, amateur DgNe


Innate Abilities, Weirdness & Mutations

Your plain brown scales are hard. (AC +5)
You cannot fit into any form of body armour.
You are cold-blooded and may be slowed by cold attacks.


Message History

You slash the orc!
You kill the orc!
The orc barely misses you.
You riposte.
You hit the orc.
The orc is heavily wounded.
Casting: Infusion (safe; 5% risk of failure)
Confirm with . or Enter, or press ? or * to list all spells.
You begin infusing your attacks with magical energy.
The orc wizard casts a spell.
The orc wizard seems to speed up.
The orc barely misses you.
You slash the orc!
You kill the orc!
The orc wizard mumbles some strange words.
The orc wizard blinks!
The orc barely misses you.
You hit the orc!
You kill the orc!
You start resting.
The orc wizard is too close now for your liking.
The orc wizard points at you and mumbles some strange words.
The magic dart hits you!
You die...

####....#......#..†#.##.#
......###..#.......##.#
##.....# #.....##.#....#
#.....# #....#...#.#.##
##....# #.........(#.#
#....# #.#..#.....#.#
#.#.##.#####.# #######
..#.)o.......#
......###+#+#.##@#######
..............##.###
..............##...#
###.##......<.####.# #
#........####.#
#........'....#
#........######
#........## #.........#


You could see an orc wizard.

Vanquished Creatures
  3 adders (D:2)
  An ooze (D:1)
  A worm (D:2)
  A dart slug (D:2)
  2 leopard geckos (D:2)
  5 orcs
  4 giant cockroaches
  12 goblins
  10 hobgoblins
  2 jackals (D:2)
  A quokka (D:2)
  6 bats
  5 frilled lizards
  6 kobolds
  9 rats
68 creatures vanquished.

Notes
Turn   | Place    | Note
-------+----------+-------------------------------------------
     0 | D:1      | KristoblXynda the Draconian Skald began the quest for the
                  | Orb.
     0 | D:1      | Reached XP level 1. HP: 17/17 MP: 3/3
   195 | D:1      | Reached XP level 2. HP: 12/24 MP: 5/5
   976 | D:1      | Reached XP level 3. HP: 25/29 MP: 6/6
   981 | D:1      | Learned a level 3 spell: Regeneration
   984 | D:1      | Learned a level 2 spell: Song of Slaying
  1414 | D:2      | Reached XP level 4. HP: 19/36 MP: 7/7
  1483 | D:2      | Found a glowing golden altar of the Shining One.
  1484 | D:2      | Found a radiant altar of Vehumet.
  1603 | D:2      | Found a faded altar of an unknown god.
  1714 | D:2      | Found a shadowy altar of Dithmenos.
  1917 | D:3      | Found an iron altar of Okawaru.
  1965 | D:3      | Found a runed translucent door.
  1965 | D:3      | Noticed a bullfrog
  1965 | D:3      | Noticed OneStupidFool's ghost (amateur DgNe)
  2007 | D:3      | HP: 1/36 [orc/+0 flail (9)]
  2019 | D:3      | Killed from afar by an orc wizard

Levels and vault maps discovered:
D:1:      minmay_arrival_four_loops, layout_loops_ring
D:2:      kennysheep_big_flooded_room, layout_rooms,
          nicolae_dithmenos_shadow_blocks,
          chequers_temple_overflow_statue_of_worship,
          chequers_ecumenical_altar_lobes, first_ration
D:3:      layout_basic, lemuel_blue_sif_altar, okawaru_trees_2,
          ebering_ghost_sewer_d

Skill      XL: |  1  2  3 |
---------------+----------+-----
Charms         | 3 |  3.4
Long Blades    | 3 |  3.8
Fighting       | |  2.1
Dodging        | |  2.9
Spellcasting   | |  2.0

Action                   |  1- 3 |  4- 6 || total
-------------------------+-------+-------++-------
Melee: Falchion          |   137 |    72 ||   209
       Tailslap          |    13 |    11 ||    24
 Cast: Infusion          |     1 |     3 ||     4
  Use: Scroll            |       |     4 ||     4
       Potion            |       |     2 ||     2
 Stab: Sleeping          |       |     1 ||     1
  Eat: Chunk             |     2 |     2 ||     4
Armor: Skin              |    43 |    21 ||    64
Dodge: Dodged            |    93 |    54 ||   147
       Rpst.: Falchion   |    26 |    16 ||    42

Table legend:
 A = Non-vault XP
 B = Vault XP
 C = Vault XP percentage of total XP
 D = Non-vault monster count
 E = Vault monster count
 F = Vault count percentage of total count
                 A         B        C        D         E       F
            +---------+---------+-------+---------+---------+-------
      Total |     163 |       3 |   1.8 |      66 |       2 |   2.9
            +---------+---------+-------+---------+---------+-------
        D:1 |      48 |       0 |   0.0 |      25 |       0 |   0.0
        D:2 |      97 |       3 |   3.0 |      33 |       2 |   5.7
        D:3 |      18 |       0 |   0.0 |       8 |       0 |   0.0
            +---------+---------+-------+---------+---------+-------
